Marlies vs Checkers
Created - Friday, January 24, 2025 at 23:36
Goals
|
Marlies |
0 |
0 |
0 |
0 |
Checkers |
1 |
1 |
0 |
2 |
|
Shots
|
Marlies |
6 |
14 |
7 |
27 |
Checkers |
12 |
5 |
10 |
27 |
|
1st period
1. Checkers , Anton Malmstrom 5 (Wyatt Bongiovanni 24, Joe Carroll 29) at 1:26
Penalties :
Jiri Smejkal (CHA) for Tripping (Minor) at 5:05, Brad Lambert (TOR) for Interference (Minor) at 7:53, Layton Ahac (TOR) for High sticking (Minor) at 9:59, Will Bitten (TOR) for Goalie Interference (Minor) at 11:11, Shane Wright (TOR) for Cross-checking (Minor) at 11:22, Adam Klapka (CHA) for Hooking (Minor) at 14:03, Taylor Fedun (TOR) for Holding (Minor) at 16:05
2nd period
2. Checkers , Dino Kambeitz 11 (Nikita Nesterenko 25) at 7:42 (PP)
Penalties :
Tyler Wotherspoon (CHA) for Roughing (Double Minor) at 0:12, Denis Gurianov (TOR) for Interference (Minor) at 0:12, Cedric Pare (TOR) for Delaying the game (Minor) at 6:46, Christoffer Sedoff (CHA) for Holding (Minor) at 8:09, Nikita Nesterenko (CHA) for Hooking (Minor) at 8:42, Jiri Smejkal (CHA) for Holding (Minor) at 10:57, Jeffrey Viel (CHA) for Unsportsmanlike conduct (Minor) at 13:20, Cedric Pare (TOR) for Hooking (Minor) at 13:20
3rd period
No Goal
Penalties :
Adam Klapka (CHA) for Interference (Minor) at 5:06, Taylor Fedun (TOR) for Interference (Minor) at 7:42, Layton Ahac (TOR) for Delaying the game (Minor) at 11:11, Joe Carroll (CHA) for Hooking (Minor) at 11:29, Michael Milne (TOR) for Holding (Minor) at 16:27, Ilya Solovyov (CHA) for Elbowing (Minor) at 19:51
Goalie Stats
Jakub Dobes (TOR), 25 saves from 27 shots - (0.926), L, 11-14-2, 60:00 minutes
Luke Cavallin (CHA), 27 saves from 27 shots - (1.000), W, 8-13-1, 60:00 minutes
Players Stats for Marlies
Player Name G A P +/- PIM S H SB GA TA FO MP PP MP PK MP
------------------------------------------------------------------------------------
Austin Poganski 0 0 0 0 0 2 1 0 0 0 1/1 13:53 6:54 0:00
Brad Lambert 0 0 0 0 2 0 2 0 0 0 0/1 20:03 5:43 2:28
Callan Foote 0 0 0 0 0 1 0 2 0 0 0/0 21:24 5:38 5:28
Cedric Pare 0 0 0 -1 4 1 3 0 0 0 6/14 12:56 0:00 0:00
Curtis Douglas 0 0 0 0 0 0 0 0 0 0 0/0 0:00 0:00 0:00
Denis Gurianov 0 0 0 0 2 2 2 1 0 0 1/1 19:01 6:54 1:16
Devin Shore 0 0 0 0 0 2 3 0 0 0 13/19 17:25 6:20 3:31
Jake Leschyshyn 0 0 0 0 0 0 1 0 0 0 2/2 1:07 0:00 1:07
Joe Gambardella 0 0 0 0 0 1 2 0 0 0 1/2 20:04 6:00 5:06
Kyle Capobianco 0 0 0 0 0 3 2 3 0 0 0/0 21:30 5:31 5:33
Layton Ahac 0 0 0 -1 4 0 3 0 0 0 0/0 13:26 0:00 0:42
Matthew Robertson 0 0 0 0 0 2 3 0 0 0 0/0 24:51 6:49 6:12
Michael Milne 0 0 0 -1 2 0 1 0 0 0 1/1 11:33 0:00 0:29
Samu Tuomaala 0 0 0 -1 0 2 1 0 0 0 0/0 11:54 0:17 0:00
Shane Wright 0 0 0 0 2 7 1 0 0 0 15/30 20:34 5:43 2:58
Steven Kampfer 0 0 0 0 0 2 3 4 0 0 0/0 16:36 2:42 1:59
Taylor Fedun 0 0 0 -1 4 1 2 2 0 0 0/0 21:27 5:08 4:28
Will Bitten 0 0 0 0 2 1 1 0 0 0 7/18 11:55 0:51 6:50
Players Stats for Checkers
Player Name G A P +/- PIM S H SB GA TA FO MP PP MP PK MP
------------------------------------------------------------------------------------
Adam Klapka 0 0 0 0 4 4 4 0 0 0 10/16 13:19 0:13 1:24
Anton Malmstrom 1 0 1 1 0 1 1 2 0 0 0/0 13:42 0:00 1:10
Austin Rueschhoff 0 0 0 0 0 0 0 0 0 0 0/0 0:00 0:00 0:00
Brian Pinho 0 0 0 0 0 1 1 0 0 0 0/1 22:08 5:09 7:00
Christoffer Sedoff 0 0 0 1 2 0 0 3 0 0 0/0 14:10 0:37 0:49
Dino Kambeitz 1 0 1 1 0 3 0 0 0 0 1/4 19:43 5:34 5:07
Ethan Frisch 0 0 0 0 0 2 0 1 0 0 0/0 20:13 5:41 5:08
Griffin Mendel 0 0 0 0 0 0 2 2 0 0 0/0 21:56 6:15 5:37
Ilya Solovyov 0 0 0 0 2 1 3 1 0 0 0/0 25:38 6:14 6:55
Jeffrey Viel 0 0 0 0 2 0 0 0 0 0 0/1 10:57 0:00 0:05
Jiri Smejkal 0 0 0 0 4 1 1 1 0 0 0/1 12:36 0:27 0:36
Joe Carroll 0 1 1 1 2 3 3 0 0 0 5/15 16:56 7:09 0:00
Nikita Nesterenko 0 1 1 0 2 1 0 1 0 0 9/22 21:43 5:34 3:32
Rasmus Asplund 0 0 0 0 0 3 1 0 0 0 2/2 20:12 6:58 0:00
Tyler Wotherspoon 0 0 0 0 4 3 0 3 0 0 0/0 23:57 6:17 5:56
Tyson Kozak 0 0 0 0 0 0 0 0 0 0 0/0 0:00 0:00 0:00
Will MacKinnon 0 0 0 0 0 0 0 0 0 0 0/0 0:21 0:00 0:13
Wyatt Bongiovanni 0 1 1 1 0 4 1 0 0 0 15/27 22:20 6:31 6:37
3 Stars
1 - Luke Cavallin (CHA)
2 - Anton Malmstrom (CHA)
3 - Dino Kambeitz (CHA)
Power Play
Marlies - 0 on 9 Attempt(s) - 0.00%
Checkers - 1 on 9 Attempt(s) - 11.11%
Penalty Kill
Marlies - 8 on 9 Attempt(s) - 88.89%
- Score 0 goal in Penalty Kill
Checkers - 9 on 9 Attempt(s) - 100.00%
- Score 0 goal in Penalty Kill
Team Stat
Marlies - Hits : 31 - Faceoff Wins : 47 - Blocked Shots : 12 - Penalty Minutes : 22
Checkers - Hits : 17 - Faceoff Wins : 42 - Blocked Shots : 14 - Penalty Minutes : 22
Official
Referees : Frederick L'Ecuyer and Cody Beach
Linesman : Ryan Galloway and Tommy Hughes
Game Notes
No Game Note
Finance
Level 1 -- Attendance: 1857 (92.85%) -- Ticket Income $64,995
Level 2 -- Attendance: 878 (87.80%) -- Ticket Income $13,170
Total Attendance: 2735 (91.17%)
Total Ticket Income: $78,165
Other Income: $38,301
Total Income: $116,466
Marlies
5 vs 5 Forward
Center Left Wing Right Wing Time % Phy DF OF
1 Shane Wright Joe Gambardella Brad Lambert 25 0 2 3
2 Devin Shore Denis Gurianov Austin Poganski 25 0 3 2
3 Cedric Pare Michael Milne Samu Tuomaala 25 0 3 2
4 Cedric Pare Denis Gurianov Will Bitten 25 0 3 2
5 vs 5 Defense
Defense Defense Time % Phy DF OF
1 Matthew Robertson Kyle Capobianco 25 1 2 2
2 Callan Foote Steven Kampfer 25 1 2 2
3 Taylor Fedun Layton Ahac 25 1 2 2
4 Matthew Robertson Kyle Capobianco 25 1 2 2
PowerPlay Forward
Center Left Wing Right Wing Time % Phy DF OF
1 Shane Wright Joe Gambardella Brad Lambert 60 0 1 4
2 Devin Shore Denis Gurianov Austin Poganski 40 0 1 4
PowerPlay Defense
Defense Defense Time % Phy DF OF
1 Matthew Robertson Callan Foote 60 0 2 3
2 Taylor Fedun Kyle Capobianco 40 0 2 3
Penalty Kill 4 Players Forward
Center Wing Time % Phy DF OF
1 Will Bitten Joe Gambardella 60 0 4 1
2 Devin Shore Brad Lambert 40 0 4 1
Penalty Kill 4 Players Defense
Defense Defense Time % Phy DF OF
1 Matthew Robertson Taylor Fedun 60 1 4 0
2 Callan Foote Kyle Capobianco 40 1 4 0
Penalty Kill - 3 Players Forward
Forward Time % Phy DF OF
1 Will Bitten 60 0 5 0
2 Devin Shore 40 0 5 0
Penalty Kill - 3 Players Defense
Defense Defense Time % Phy DF OF
1 Taylor Fedun Matthew Robertson 60 0 5 0
2 Callan Foote Kyle Capobianco 40 0 5 0
4 vs 4 Forward
Center Wing Time % Phy DF OF
1 Shane Wright Brad Lambert 60 0 3 2
2 Devin Shore Denis Gurianov 40 0 3 2
4 vs 4 Defense
Defense Defense Time % Phy DF OF
1 Callan Foote Matthew Robertson 60 0 3 2
2 Kyle Capobianco Steven Kampfer 40 0 3 2
Last Minutes Offensive
Center Left Wing Right Wing Defense Defense
Shane Wright Devin Shore Brad Lambert Matthew Robertson Kyle Capobianco
Last Minutes Defensive
Center Left Wing Right Wing Defense Defense
Shane Wright Denis Gurianov Devin Shore Steven Kampfer Kyle Capobianco
Goaltenders
Starting : Jakub Dobes
Backup : Jesper Vikman
Extra Forwards
Normal : Devin Shore, Samu Tuomaala, Brad Lambert - PP : Devin Shore, Brad Lambert - PK : Shane Wright
Extra Defensemen
Normal : Matthew Robertson, Kyle Capobianco, Callan Foote - PP : Callan Foote - PK : Kyle Capobianco, Callan Foote
Penalty Shots
Shane Wright, Brad Lambert, Devin Shore, Will Bitten, Austin Poganski
Custom OT Lines Forwards
Devin Shore, Shane Wright, Brad Lambert, Austin Poganski, Denis Gurianov, Joe Gambardella, Samu Tuomaala, Michael Milne, Will Bitten, Cedric Pare
Custom OT Lines Defensemen
Matthew Robertson, Kyle Capobianco, Taylor Fedun, Callan Foote, Steven Kampfer
Scratches
Cameron Gaunce (Healthy), Nico Myatovic (Healthy), Raivis Ansons (Healthy), Christian Kyrou (Healthy), Isaac Ratcliffe (Healthy)
Ilya Nikolayev (Healthy), Filip Johansson (Healthy), Josh Wesley (Healthy), Olivier Rodrigue (Healthy)
Checkers
5 vs 5 Forward
Center Left Wing Right Wing Time % Phy DF OF
1 Adam Klapka Rasmus Asplund Jeffrey Viel 25 1 2 2
2 Nikita Nesterenko Jiri Smejkal Brian Pinho 25 1 2 2
3 Wyatt Bongiovanni Joe Carroll Dino Kambeitz 25 1 2 2
4 Nikita Nesterenko Jiri Smejkal Rasmus Asplund 25 1 2 2
5 vs 5 Defense
Defense Defense Time % Phy DF OF
1 Tyler Wotherspoon Ilya Solovyov 25 1 2 2
2 Griffin Mendel Ethan Frisch 25 1 2 2
3 Christoffer Sedoff Anton Malmstrom 25 1 2 2
4 Ilya Solovyov Tyler Wotherspoon 25 1 2 2
PowerPlay Forward
Center Left Wing Right Wing Time % Phy DF OF
1 Joe Carroll Wyatt Bongiovanni Rasmus Asplund 60 1 2 2
2 Nikita Nesterenko Dino Kambeitz Brian Pinho 40 1 2 2
PowerPlay Defense
Defense Defense Time % Phy DF OF
1 Tyler Wotherspoon Ilya Solovyov 60 1 2 2
2 Griffin Mendel Ethan Frisch 40 1 2 2
Penalty Kill 4 Players Forward
Center Wing Time % Phy DF OF
1 Wyatt Bongiovanni Brian Pinho 60 1 2 2
2 Nikita Nesterenko Dino Kambeitz 40 1 2 2
Penalty Kill 4 Players Defense
Defense Defense Time % Phy DF OF
1 Tyler Wotherspoon Ilya Solovyov 60 1 2 2
2 Griffin Mendel Ethan Frisch 40 1 2 2
Penalty Kill - 3 Players Forward
Forward Time % Phy DF OF
1 Nikita Nesterenko 60 1 2 2
2 Brian Pinho 40 1 2 2
Penalty Kill - 3 Players Defense
Defense Defense Time % Phy DF OF
1 Tyler Wotherspoon Ilya Solovyov 60 1 2 2
2 Griffin Mendel Ethan Frisch 40 1 2 2
4 vs 4 Forward
Center Wing Time % Phy DF OF
1 Joe Carroll Brian Pinho 60 1 2 2
2 Nikita Nesterenko Wyatt Bongiovanni 40 1 2 2
4 vs 4 Defense
Defense Defense Time % Phy DF OF
1 Tyler Wotherspoon Ilya Solovyov 60 1 2 2
2 Griffin Mendel Ethan Frisch 40 1 2 2
Last Minutes Offensive
Center Left Wing Right Wing Defense Defense
Nikita Nesterenko Brian Pinho Rasmus Asplund Tyler Wotherspoon Ilya Solovyov
Last Minutes Defensive
Center Left Wing Right Wing Defense Defense
Nikita Nesterenko Brian Pinho Rasmus Asplund Tyler Wotherspoon Ilya Solovyov
Goaltenders
Starting : Luke Cavallin
Backup : Matthew Murray
Extra Forwards
Normal : Joe Carroll, Wyatt Bongiovanni, Dino Kambeitz - PP : Joe Carroll, Wyatt Bongiovanni - PK : Dino Kambeitz
Extra Defensemen
Normal : Christoffer Sedoff, Anton Malmstrom, Ilya Solovyov - PP : Christoffer Sedoff - PK : Anton Malmstrom, Tyler Wotherspoon
Penalty Shots
Brian Pinho, Joe Carroll, Nikita Nesterenko, Wyatt Bongiovanni, Dino Kambeitz
Custom OT Lines Forwards
Rasmus Asplund, Jeffrey Viel, Nikita Nesterenko, Jiri Smejkal, Austin Rueschhoff, Brian Pinho, Joe Carroll, Wyatt Bongiovanni, Dino Kambeitz, Adam Klapka
Custom OT Lines Defensemen
Tyler Wotherspoon, Ilya Solovyov, Griffin Mendel, Ethan Frisch, Christoffer Sedoff
Scratches
Jacob Melanson (Healthy), Simon Pinard (Healthy), Alex Swetlikoff (Healthy), Ben Berard (Healthy), Ethan De Jong (Healthy)
Matt Brown (Healthy), Justin Pearson (Healthy), Brendan Furry (Healthy), Chris Jandric (Healthy), Ian McKinnon (Healthy)
% Time on Ice - Marlies
Lines # - Real PCT - Wanted PCT - Time Play
Normal Forward
1 - 31% - 25% - 8:58
2 - 24% - 25% - 6:59
3 - 36% - 25% - 10:19
4 - 9% - 25% - 2:39
Normal Defense
1 - 17% - 25% - 4:51
2 - 23% - 25% - 6:36
3 - 42% - 25% - 12:03
4 - 19% - 25% - 5:25
PP Forward
1 - 47% - 60% - 6:00
2 - 53% - 40% - 6:54
PP Defense
1 - 53% - 60% - 6:49
2 - 47% - 40% - 6:05
PK Forward
1 - 72% - 60% - 7:35
2 - 28% - 40% - 2:58
PK Defense
1 - 61% - 60% - 6:26
2 - 39% - 40% - 4:07
PK3 Forward
1 - 100% - 60% - 1:59
2 - 0% - 40% - 0:00
PK3 Defense
1 - 54% - 60% - 1:04
2 - 46% - 40% - 0:55
44 Forward
1 - 75% - 60% - 4:15
2 - 25% - 40% - 1:24
44 Defense
1 - 59% - 60% - 3:21
2 - 41% - 40% - 2:18
Last Minute Offensive - 0:00
Last Minute Defensive - 0:00
Total
Forward - 60:00
Defense - 60:00
|
% Time on Ice - Checkers
Lines # - Real PCT - Wanted PCT - Time Play
Normal Forward
1 - 38% - 25% - 10:53
2 - 25% - 25% - 7:21
3 - 24% - 25% - 7:02
4 - 13% - 25% - 3:39
Normal Defense
1 - 17% - 25% - 5:03
2 - 25% - 25% - 7:07
3 - 41% - 25% - 12:00
4 - 16% - 25% - 4:45
PP Forward
1 - 56% - 60% - 6:58
2 - 44% - 40% - 5:34
PP Defense
1 - 50% - 60% - 6:17
2 - 50% - 40% - 6:15
PK Forward
1 - 69% - 60% - 7:55
2 - 31% - 40% - 3:33
PK Defense
1 - 60% - 60% - 6:56
2 - 40% - 40% - 4:32
PK3 Forward
1 - 100% - 60% - 1:26
2 - 0% - 40% - 0:00
PK3 Defense
1 - 37% - 60% - 0:32
2 - 63% - 40% - 0:54
44 Forward
1 - 71% - 60% - 4:02
2 - 29% - 40% - 1:37
44 Defense
1 - 57% - 60% - 3:14
2 - 43% - 40% - 2:25
Last Minute Offensive - 0:00
Last Minute Defensive - 0:00
Total
Forward - 60:00
Defense - 60:00
|
Play-by-Play
1st period
0:01 of 1st period - Shane Wright wins face-off versus Adam Klapka in neutral zone.
0:27 of 1st period - Off-side.
0:28 of 1st period - Devin Shore wins face-off versus Nikita Nesterenko in neutral zone.
0:35 of 1st period - Shot by Devin Shore.
0:35 of 1st period - Shot Hit the Post.
0:37 of 1st period - Shot by Callan Foote.
0:37 of 1st period - Shot Misses the Net.
1:13 of 1st period - Layton Ahac is hit by Brian Pinho.
1:14 of 1st period - Icing by Layton Ahac.
1:15 of 1st period - Wyatt Bongiovanni wins face-off versus Cedric Pare in Marlies zone.
1:22 of 1st period - Shot by Dino Kambeitz.
1:22 of 1st period - Shot Misses the Net.
1:24 of 1st period - Shot by Joe Carroll.
1:24 of 1st period - Deflect By Wyatt Bongiovanni.
1:24 of 1st period - Stopped by Jakub Dobes with a rebound.
1:26 of 1st period - Shot by Anton Malmstrom.
1:26 of 1st period - Goal by Anton Malmstrom - Marlies : 0 - Checkers : 1.
1:27 of 1st period - Rasmus Asplund wins face-off versus Shane Wright in neutral zone.
1:37 of 1st period - Shot by Jeffrey Viel.
1:37 of 1st period - Shot Blocked by Kyle Capobianco.
1:39 of 1st period - Shot by Adam Klapka.
1:39 of 1st period - Stopped by Jakub Dobes without a rebound.
1:40 of 1st period - Wyatt Bongiovanni wins face-off versus Cedric Pare in Marlies zone.
1:54 of 1st period - Icing by Cedric Pare.
1:55 of 1st period - Nikita Nesterenko wins face-off versus Cedric Pare in Marlies zone.
2:15 of 1st period - Cedric Pare is hit by Rasmus Asplund and loses puck.
2:28 of 1st period - Shot by Jiri Smejkal.
2:28 of 1st period - Stopped by Jakub Dobes with a rebound.
3:22 of 1st period - Shot by Devin Shore.
3:22 of 1st period - Stopped by Luke Cavallin without a rebound.
3:23 of 1st period - Adam Klapka wins face-off versus Shane Wright in Checkers zone.
3:23 of 1st period - Adam Klapka is hit by Shane Wright.
3:29 of 1st period - Joe Gambardella is hit by Adam Klapka and loses puck.
3:35 of 1st period - Adam Klapka is hit by Matthew Robertson and loses puck.
3:46 of 1st period - Shot by Adam Klapka.
3:46 of 1st period - Stopped by Jakub Dobes without a rebound.
3:47 of 1st period - Wyatt Bongiovanni wins face-off versus Devin Shore in Marlies zone.
4:02 of 1st period - Shot by Wyatt Bongiovanni.
4:02 of 1st period - Shot Misses the Net.
4:48 of 1st period - Brad Lambert is hit by Griffin Mendel and loses puck.
5:03 of 1st period - Shot by Adam Klapka.
5:03 of 1st period - Stopped by Jakub Dobes without a rebound.
5:04 of 1st period - Cedric Pare wins face-off versus Brian Pinho in Marlies zone.
5:04 of 1st period - Cedric Pare is hit by Jiri Smejkal.
5:05 of 1st period - Minor Penalty to Jiri Smejkal for Tripping.
5:06 of 1st period - Wyatt Bongiovanni wins face-off versus Devin Shore in Checkers zone.
5:06 of 1st period - Wyatt Bongiovanni is hit by Devin Shore.
6:30 of 1st period - Off-side.
6:31 of 1st period - Wyatt Bongiovanni wins face-off versus Will Bitten in neutral zone.
6:40 of 1st period - Matthew Robertson is hit by Adam Klapka and loses puck.
7:14 of 1st period - Nikita Nesterenko is hit by Layton Ahac and loses puck.
7:19 of 1st period - Shot by Jiri Smejkal.
7:19 of 1st period - Shot Misses the Net.
7:27 of 1st period - Shot by Nikita Nesterenko.
7:27 of 1st period - Stopped by Jakub Dobes without a rebound.
7:28 of 1st period - Adam Klapka wins face-off versus Shane Wright in Marlies zone.
7:32 of 1st period - Icing by Steven Kampfer.
7:33 of 1st period - Wyatt Bongiovanni wins face-off versus Shane Wright in Marlies zone.
7:53 of 1st period - Minor Penalty to Brad Lambert for Interference.
7:54 of 1st period - Joe Carroll wins face-off versus Will Bitten in Marlies zone.
7:55 of 1st period - Shot by Tyler Wotherspoon.
7:55 of 1st period - Stopped by Jakub Dobes with a rebound.
8:15 of 1st period - Shot by Ilya Solovyov.
8:15 of 1st period - Stopped by Jakub Dobes without a rebound.
8:16 of 1st period - Nikita Nesterenko wins face-off versus Will Bitten in Marlies zone.
9:02 of 1st period - Shot by Will Bitten.
9:02 of 1st period - Stopped by Luke Cavallin with a rebound.
9:10 of 1st period - Shot by Will Bitten.
9:10 of 1st period - Shot Misses the Net.
9:49 of 1st period - Shot by Rasmus Asplund.
9:49 of 1st period - Shot Blocked by Steven Kampfer.
9:58 of 1st period - Rasmus Asplund is hit by Steven Kampfer and loses puck.
9:59 of 1st period - Minor Penalty to Layton Ahac for High sticking.
10:00 of 1st period - Joe Carroll wins face-off versus Will Bitten in Marlies zone.
10:13 of 1st period - Rasmus Asplund is hit by Devin Shore and loses puck.
10:19 of 1st period - Off-side.
10:20 of 1st period - Rasmus Asplund wins face-off versus Will Bitten in neutral zone.
11:02 of 1st period - Icing by Brian Pinho.
11:03 of 1st period - Nikita Nesterenko wins face-off versus Will Bitten in Checkers zone.
11:05 of 1st period - Icing by Christoffer Sedoff.
11:06 of 1st period - Dino Kambeitz wins face-off versus Will Bitten in Checkers zone.
11:06 of 1st period - Dino Kambeitz is hit by Will Bitten.
11:11 of 1st period - Minor Penalty to Will Bitten for Goalie Interference.
11:12 of 1st period - Shane Wright wins face-off versus Joe Carroll in Marlies zone.
11:22 of 1st period - Minor Penalty to Shane Wright for Cross-checking.
11:23 of 1st period - Jake Leschyshyn wins face-off versus Nikita Nesterenko in Marlies zone.
11:41 of 1st period - Off-side.
11:42 of 1st period - Jake Leschyshyn wins face-off versus Joe Carroll in neutral zone.
11:45 of 1st period - Rasmus Asplund is hit by Jake Leschyshyn and loses puck.
13:10 of 1st period - Shot by Wyatt Bongiovanni.
13:10 of 1st period - Stopped by Jakub Dobes without a rebound.
13:11 of 1st period - Nikita Nesterenko wins face-off versus Joe Gambardella in Marlies zone.
13:36 of 1st period - Shot by Adam Klapka.
13:36 of 1st period - Stopped by Jakub Dobes without a rebound.
13:37 of 1st period - Shane Wright wins face-off versus Adam Klapka in Marlies zone.
13:37 of 1st period - Shane Wright is hit by Adam Klapka.
13:49 of 1st period - Adam Klapka is hit by Layton Ahac and loses puck.
13:56 of 1st period - Anton Malmstrom is hit by Joe Gambardella.
14:03 of 1st period - Minor Penalty to Adam Klapka for Hooking.
14:04 of 1st period - Wyatt Bongiovanni wins face-off versus Devin Shore in Checkers zone.
15:37 of 1st period - Shot by Matthew Robertson.
15:37 of 1st period - Stopped by Luke Cavallin with a rebound.
15:39 of 1st period - Shot by Steven Kampfer.
15:39 of 1st period - Stopped by Luke Cavallin without a rebound.
15:40 of 1st period - Shane Wright wins face-off versus Dino Kambeitz in Checkers zone.
16:05 of 1st period - Minor Penalty to Taylor Fedun for Holding.
16:06 of 1st period - Will Bitten wins face-off versus Joe Carroll in Marlies zone.
17:36 of 1st period - Shane Wright is hit by Joe Carroll and loses puck.
17:45 of 1st period - Shot by Rasmus Asplund.
17:45 of 1st period - Shot Blocked by Denis Gurianov.
17:47 of 1st period - Shot by Jiri Smejkal.
17:47 of 1st period - Deflect By Rasmus Asplund.
17:47 of 1st period - Stopped by Jakub Dobes without a rebound.
17:48 of 1st period - Nikita Nesterenko wins face-off versus Will Bitten in Marlies zone.
18:03 of 1st period - Shot by Denis Gurianov.
18:03 of 1st period - Stopped by Luke Cavallin without a rebound.
18:04 of 1st period - Joe Carroll wins face-off versus Will Bitten in Checkers zone.
18:38 of 1st period - Off-side.
18:39 of 1st period - Devin Shore wins face-off versus Wyatt Bongiovanni in neutral zone.
18:52 of 1st period - Shot by Devin Shore.
18:52 of 1st period - Deflect By Denis Gurianov.
18:52 of 1st period - Stopped by Luke Cavallin without a rebound.
18:53 of 1st period - Nikita Nesterenko wins face-off versus Shane Wright in Checkers zone.
18:53 of 1st period - Nikita Nesterenko is hit by Brad Lambert.
19:21 of 1st period - Shane Wright is hit by Ilya Solovyov and loses puck.
19:24 of 1st period - Shot by Shane Wright.
19:24 of 1st period - Shot Blocked by Tyler Wotherspoon.
19:35 of 1st period - Jiri Smejkal is hit by Steven Kampfer and loses puck.
19:57 of 1st period - Nikita Nesterenko is hit by Cedric Pare and loses puck.
Goals for this period are 0 for Marlies vs 1 for Checkers.
Shots for this period are 6 for Marlies vs 12 for Checkers.
2nd period
0:01 of 2nd period - Cedric Pare wins face-off versus Jiri Smejkal in neutral zone.
0:12 of 2nd period - Double Minor Penalty to Tyler Wotherspoon for Roughing.
0:12 of 2nd period - Minor Penalty to Denis Gurianov for Interference.
0:13 of 2nd period - Shane Wright wins face-off versus Joe Carroll in Checkers zone.
0:22 of 2nd period - Shot by Brad Lambert.
0:22 of 2nd period - Shot Blocked by Griffin Mendel.
0:41 of 2nd period - Brian Pinho is hit by Matthew Robertson and loses puck.
0:46 of 2nd period - Shot by Brian Pinho.
0:46 of 2nd period - Shot Misses the Net.
0:48 of 2nd period - Shot by Joe Carroll.
0:48 of 2nd period - Stopped by Jakub Dobes with a rebound.
0:50 of 2nd period - Shot by Joe Carroll.
0:50 of 2nd period - Shot Blocked by Callan Foote.
0:57 of 2nd period - Icing by Matthew Robertson.
0:58 of 2nd period - Shane Wright wins face-off versus Nikita Nesterenko in Marlies zone.
1:11 of 2nd period - Shot by Wyatt Bongiovanni.
1:11 of 2nd period - Shot Misses the Net.
1:13 of 2nd period - Shot by Christoffer Sedoff.
1:13 of 2nd period - Shot Blocked by Kyle Capobianco.
2:04 of 2nd period - Griffin Mendel is hit by Matthew Robertson and loses puck.
2:08 of 2nd period - Icing by Anton Malmstrom.
2:09 of 2nd period - Will Bitten wins face-off versus Joe Carroll in Checkers zone.
2:28 of 2nd period - Shot by Austin Poganski.
2:28 of 2nd period - Stopped by Luke Cavallin without a rebound.
2:29 of 2nd period - Wyatt Bongiovanni wins face-off versus Shane Wright in Checkers zone.
3:55 of 2nd period - Will MacKinnon is hit by Joe Gambardella and loses puck.
4:00 of 2nd period - Shot by Kyle Capobianco.
4:00 of 2nd period - Stopped by Luke Cavallin without a rebound.
4:01 of 2nd period - Adam Klapka wins face-off versus Shane Wright in Checkers zone.
6:21 of 2nd period - Icing by Taylor Fedun.
6:22 of 2nd period - Wyatt Bongiovanni wins face-off versus Shane Wright in Marlies zone.
6:41 of 2nd period - Shot by Samu Tuomaala.
6:41 of 2nd period - Stopped by Luke Cavallin with a rebound.
6:43 of 2nd period - Shot by Steven Kampfer.
6:43 of 2nd period - Stopped by Luke Cavallin without a rebound.
6:44 of 2nd period - Adam Klapka wins face-off versus Cedric Pare in Checkers zone.
6:46 of 2nd period - Minor Penalty to Cedric Pare for Delaying the game.
6:47 of 2nd period - Joe Gambardella wins face-off versus Joe Carroll in Marlies zone.
6:47 of 2nd period - Joe Gambardella is hit by Joe Carroll.
7:12 of 2nd period - Off-side.
7:13 of 2nd period - Will Bitten wins face-off versus Joe Carroll in neutral zone.
7:40 of 2nd period - Shot by Ethan Frisch.
7:40 of 2nd period - Stopped by Jakub Dobes without a rebound.
7:41 of 2nd period - Nikita Nesterenko wins face-off versus Devin Shore in Marlies zone.
7:42 of 2nd period - Shot by Dino Kambeitz.
7:42 of 2nd period - Goal by Dino Kambeitz - Marlies : 0 - Checkers : 2.
7:43 of 2nd period - Devin Shore wins face-off versus Adam Klapka in neutral zone.
8:06 of 2nd period - Shot by Devin Shore.
8:06 of 2nd period - Shot Blocked by Christoffer Sedoff.
8:08 of 2nd period - Shot by Austin Poganski.
8:08 of 2nd period - Stopped by Luke Cavallin with a rebound.
8:09 of 2nd period - Minor Penalty to Christoffer Sedoff for Holding.
8:10 of 2nd period - Shane Wright wins face-off versus Wyatt Bongiovanni in Checkers zone.
8:10 of 2nd period - Callan Foote is hit by Ilya Solovyov.
8:35 of 2nd period - Shot by Brad Lambert.
8:35 of 2nd period - Shot Misses the Net.
8:42 of 2nd period - Minor Penalty to Nikita Nesterenko for Hooking.
8:43 of 2nd period - Devin Shore wins face-off versus Dino Kambeitz in Checkers zone.
9:04 of 2nd period - Shot by Devin Shore.
9:04 of 2nd period - Deflect By Austin Poganski.
9:04 of 2nd period - Shot Misses the Net.
9:06 of 2nd period - Shot by Devin Shore.
9:06 of 2nd period - Stopped by Luke Cavallin without a rebound.
9:07 of 2nd period - Shane Wright wins face-off versus Dino Kambeitz in Checkers zone.
9:32 of 2nd period - Shot by Brad Lambert.
9:32 of 2nd period - Shot Misses the Net.
9:34 of 2nd period - Shot by Shane Wright.
9:34 of 2nd period - Stopped by Luke Cavallin without a rebound.
9:35 of 2nd period - Adam Klapka wins face-off versus Devin Shore in Checkers zone.
9:35 of 2nd period - Adam Klapka is hit by Denis Gurianov.
9:54 of 2nd period - Shot by Denis Gurianov.
9:54 of 2nd period - Shot Misses the Net.
9:56 of 2nd period - Shot by Taylor Fedun.
9:56 of 2nd period - Stopped by Luke Cavallin with a rebound.
9:58 of 2nd period - Shot by Taylor Fedun.
9:58 of 2nd period - Shot Blocked by Griffin Mendel.
10:09 of 2nd period - Off-side.
10:10 of 2nd period - Shane Wright wins face-off versus Wyatt Bongiovanni in neutral zone.
10:18 of 2nd period - Icing by Joe Gambardella.
10:19 of 2nd period - Shane Wright wins face-off versus Wyatt Bongiovanni in Marlies zone.
10:28 of 2nd period - Shot by Joe Gambardella.
10:28 of 2nd period - Shot Misses the Net.
10:30 of 2nd period - Shot by Shane Wright.
10:30 of 2nd period - Stopped by Luke Cavallin with a rebound.
10:32 of 2nd period - Shot by Shane Wright.
10:32 of 2nd period - Stopped by Luke Cavallin with a rebound.
10:34 of 2nd period - Shot by Joe Gambardella.
10:34 of 2nd period - Stopped by Luke Cavallin with a rebound.
10:36 of 2nd period - Shot by Brad Lambert.
10:36 of 2nd period - Deflect By Shane Wright.
10:36 of 2nd period - Stopped by Luke Cavallin without a rebound.
10:37 of 2nd period - Wyatt Bongiovanni wins face-off versus Devin Shore in Checkers zone.
10:49 of 2nd period - Rasmus Asplund is hit by Taylor Fedun and loses puck.
10:57 of 2nd period - Minor Penalty to Jiri Smejkal for Holding.
10:58 of 2nd period - Devin Shore wins face-off versus Wyatt Bongiovanni in Checkers zone.
11:58 of 2nd period - Shot by Shane Wright.
11:58 of 2nd period - Stopped by Luke Cavallin with a rebound.
12:31 of 2nd period - Shot by Austin Poganski.
12:31 of 2nd period - Shot Blocked by Ethan Frisch.
13:14 of 2nd period - Rasmus Asplund is hit by Cedric Pare and loses puck.
13:20 of 2nd period - Minor Penalty to Jeffrey Viel for Unsportsmanlike conduct.
13:20 of 2nd period - Minor Penalty to Cedric Pare for Hooking.
13:21 of 2nd period - Shane Wright wins face-off versus Joe Carroll in neutral zone.
15:04 of 2nd period - Shot by Joe Carroll.
15:04 of 2nd period - Shot Misses the Net.
15:21 of 2nd period - Icing by Joe Carroll.
15:22 of 2nd period - Devin Shore wins face-off versus Jeffrey Viel in Checkers zone.
15:50 of 2nd period - Shot by Adam Klapka.
15:50 of 2nd period - Shot Misses the Net.
16:24 of 2nd period - Shot by Brian Pinho.
16:24 of 2nd period - Stopped by Jakub Dobes with a rebound.
16:44 of 2nd period - Shot by Dino Kambeitz.
16:44 of 2nd period - Shot Misses the Net.
16:57 of 2nd period - Dino Kambeitz is hit by Steven Kampfer and loses puck.
17:54 of 2nd period - Shot by Brad Lambert.
17:54 of 2nd period - Deflect By Shane Wright.
17:54 of 2nd period - Stopped by Luke Cavallin without a rebound.
17:55 of 2nd period - Michael Milne wins face-off versus Nikita Nesterenko in Checkers zone.
17:55 of 2nd period - Michael Milne is hit by Griffin Mendel.
18:10 of 2nd period - Icing by Ethan Frisch.
18:11 of 2nd period - Shane Wright wins face-off versus Nikita Nesterenko in Checkers zone.
18:37 of 2nd period - Shot by Dino Kambeitz.
18:37 of 2nd period - Stopped by Jakub Dobes without a rebound.
18:38 of 2nd period - Cedric Pare wins face-off versus Adam Klapka in Marlies zone.
18:40 of 2nd period - Icing by Kyle Capobianco.
18:41 of 2nd period - Adam Klapka wins face-off versus Cedric Pare in Marlies zone.
19:18 of 2nd period - Shot by Jeffrey Viel.
19:18 of 2nd period - Shot Misses the Net.
19:48 of 2nd period - Brad Lambert is hit by Anton Malmstrom and loses puck.
19:55 of 2nd period - Shot by Brad Lambert.
19:55 of 2nd period - Shot Blocked by Christoffer Sedoff.
Goals for this period are 0 for Marlies vs 1 for Checkers.
Shots for this period are 14 for Marlies vs 5 for Checkers.
3rd period
0:01 of 3rd period - Denis Gurianov wins face-off versus Nikita Nesterenko in neutral zone.
0:44 of 3rd period - Icing by Ilya Solovyov.
0:45 of 3rd period - Shane Wright wins face-off versus Nikita Nesterenko in Checkers zone.
0:48 of 3rd period - Shot by Shane Wright.
0:48 of 3rd period - Deflect By Brad Lambert.
0:48 of 3rd period - Shot Misses the Net.
0:50 of 3rd period - Shot by Steven Kampfer.
0:50 of 3rd period - Shot Blocked by Tyler Wotherspoon.
1:05 of 3rd period - Icing by Steven Kampfer.
1:06 of 3rd period - Wyatt Bongiovanni wins face-off versus Shane Wright in Marlies zone.
1:13 of 3rd period - Shot by Dino Kambeitz.
1:13 of 3rd period - Shot Blocked by Steven Kampfer.
1:15 of 3rd period - Shot by Dino Kambeitz.
1:15 of 3rd period - Stopped by Jakub Dobes with a rebound.
1:17 of 3rd period - Shot by Ethan Frisch.
1:17 of 3rd period - Shot Blocked by Callan Foote.
2:11 of 3rd period - Icing by Griffin Mendel.
2:12 of 3rd period - Wyatt Bongiovanni wins face-off versus Cedric Pare in Checkers zone.
2:12 of 3rd period - Wyatt Bongiovanni is hit by Michael Milne.
2:27 of 3rd period - Off-side.
2:28 of 3rd period - Devin Shore wins face-off versus Adam Klapka in neutral zone.
2:39 of 3rd period - Shot by Devin Shore.
2:39 of 3rd period - Shot Misses the Net.
2:49 of 3rd period - Shot by Denis Gurianov.
2:49 of 3rd period - Shot Misses the Net.
2:59 of 3rd period - Shot by Denis Gurianov.
2:59 of 3rd period - Shot Blocked by Ilya Solovyov.
3:01 of 3rd period - Shot by Matthew Robertson.
3:01 of 3rd period - Stopped by Luke Cavallin without a rebound.
3:02 of 3rd period - Cedric Pare wins face-off versus Nikita Nesterenko in Checkers zone.
3:19 of 3rd period - Shot by Michael Milne.
3:19 of 3rd period - Shot Blocked by Jiri Smejkal.
3:27 of 3rd period - Shot by Samu Tuomaala.
3:27 of 3rd period - Stopped by Luke Cavallin without a rebound.
3:28 of 3rd period - Adam Klapka wins face-off versus Brad Lambert in Checkers zone.
3:42 of 3rd period - Shot by Rasmus Asplund.
3:42 of 3rd period - Stopped by Jakub Dobes without a rebound.
3:43 of 3rd period - Devin Shore wins face-off versus Nikita Nesterenko in Marlies zone.
3:57 of 3rd period - Shot by Denis Gurianov.
3:57 of 3rd period - Shot Blocked by Nikita Nesterenko.
4:05 of 3rd period - Shot by Devin Shore.
4:05 of 3rd period - Shot Blocked by Christoffer Sedoff.
4:14 of 3rd period - Nikita Nesterenko is hit by Austin Poganski and loses puck.
4:31 of 3rd period - Shot by Joe Gambardella.
4:31 of 3rd period - Shot Blocked by Anton Malmstrom.
4:33 of 3rd period - Shot by Shane Wright.
4:33 of 3rd period - Stopped by Luke Cavallin without a rebound.
4:34 of 3rd period - Wyatt Bongiovanni wins face-off versus Cedric Pare in Checkers zone.
4:34 of 3rd period - Wyatt Bongiovanni is hit by Samu Tuomaala.
4:56 of 3rd period - Joe Carroll is hit by Layton Ahac and loses puck.
4:59 of 3rd period - Shot by Wyatt Bongiovanni.
4:59 of 3rd period - Shot Blocked by Taylor Fedun.
5:01 of 3rd period - Shot by Joe Carroll.
5:01 of 3rd period - Stopped by Jakub Dobes without a rebound.
5:02 of 3rd period - Adam Klapka wins face-off versus Shane Wright in Marlies zone.
5:06 of 3rd period - Minor Penalty to Adam Klapka for Interference.
5:07 of 3rd period - Wyatt Bongiovanni wins face-off versus Shane Wright in Checkers zone.
5:59 of 3rd period - Shot by Kyle Capobianco.
5:59 of 3rd period - Shot Misses the Net.
6:01 of 3rd period - Shot by Kyle Capobianco.
6:01 of 3rd period - Stopped by Luke Cavallin without a rebound.
6:02 of 3rd period - Austin Poganski wins face-off versus Nikita Nesterenko in Checkers zone.
6:23 of 3rd period - Ethan Frisch is hit by Devin Shore and loses puck.
6:53 of 3rd period - Shot by Brad Lambert.
6:53 of 3rd period - Shot Misses the Net.
6:55 of 3rd period - Shot by Matthew Robertson.
6:55 of 3rd period - Shot Misses the Net.
7:01 of 3rd period - Shot by Shane Wright.
7:01 of 3rd period - Shot Misses the Net.
7:03 of 3rd period - Shot by Callan Foote.
7:03 of 3rd period - Shot Misses the Net.
7:09 of 3rd period - Shot by Cedric Pare.
7:09 of 3rd period - Stopped by Luke Cavallin with a rebound.
7:39 of 3rd period - Shot by Jeffrey Viel.
7:39 of 3rd period - Shot Misses the Net.
7:42 of 3rd period - Minor Penalty to Taylor Fedun for Interference.
7:43 of 3rd period - Will Bitten wins face-off versus Nikita Nesterenko in Marlies zone.
7:54 of 3rd period - Shot by Ethan Frisch.
7:54 of 3rd period - Stopped by Jakub Dobes without a rebound.
7:55 of 3rd period - Will Bitten wins face-off versus Nikita Nesterenko in Marlies zone.
9:52 of 3rd period - Shot by Jeffrey Viel.
9:52 of 3rd period - Shot Misses the Net.
10:16 of 3rd period - Shot by Jiri Smejkal.
10:16 of 3rd period - Shot Blocked by Taylor Fedun.
10:44 of 3rd period - Shot by Dino Kambeitz.
10:44 of 3rd period - Shot Hit the Post.
10:51 of 3rd period - Brian Pinho is hit by Taylor Fedun and loses puck.
11:11 of 3rd period - Minor Penalty to Layton Ahac for Delaying the game.
11:12 of 3rd period - Will Bitten wins face-off versus Wyatt Bongiovanni in Marlies zone.
11:12 of 3rd period - Callan Foote is hit by Wyatt Bongiovanni and loses puck.
11:29 of 3rd period - Minor Penalty to Joe Carroll for Hooking.
11:30 of 3rd period - Adam Klapka wins face-off versus Shane Wright in Checkers zone.
11:41 of 3rd period - Shot by Brian Pinho.
11:41 of 3rd period - Shot Blocked by Steven Kampfer.
11:58 of 3rd period - Shot by Griffin Mendel.
11:58 of 3rd period - Shot Blocked by Steven Kampfer.
12:16 of 3rd period - Shot by Dino Kambeitz.
12:16 of 3rd period - Shot Misses the Net.
12:19 of 3rd period - Icing by Matthew Robertson.
12:20 of 3rd period - Devin Shore wins face-off versus Wyatt Bongiovanni in Marlies zone.
12:29 of 3rd period - Ilya Solovyov is hit by Denis Gurianov.
12:50 of 3rd period - Shot by Denis Gurianov.
12:50 of 3rd period - Shot Blocked by Tyler Wotherspoon.
12:52 of 3rd period - Shot by Callan Foote.
12:52 of 3rd period - Stopped by Luke Cavallin without a rebound.
12:53 of 3rd period - Adam Klapka wins face-off versus Shane Wright in Checkers zone.
13:00 of 3rd period - Shane Wright is hit by Adam Klapka.
13:20 of 3rd period - Shot by Wyatt Bongiovanni.
13:20 of 3rd period - Stopped by Jakub Dobes with a rebound.
13:22 of 3rd period - Shot by Jiri Smejkal.
13:22 of 3rd period - Deflect By Wyatt Bongiovanni.
13:22 of 3rd period - Stopped by Jakub Dobes with a rebound.
13:24 of 3rd period - Shot by Jiri Smejkal.
13:24 of 3rd period - Shot Misses the Net.
13:26 of 3rd period - Shot by Griffin Mendel.
13:26 of 3rd period - Shot Misses the Net.
13:49 of 3rd period - Icing by Anton Malmstrom.
13:50 of 3rd period - Nikita Nesterenko wins face-off versus Shane Wright in Checkers zone.
13:59 of 3rd period - Anton Malmstrom is hit by Brad Lambert.
14:12 of 3rd period - Icing by Steven Kampfer.
14:13 of 3rd period - Shane Wright wins face-off versus Wyatt Bongiovanni in Marlies zone.
14:13 of 3rd period - Shane Wright is hit by Joe Carroll.
14:32 of 3rd period - Icing by Ethan Frisch.
14:33 of 3rd period - Cedric Pare wins face-off versus Wyatt Bongiovanni in Checkers zone.
14:37 of 3rd period - Icing by Ethan Frisch.
14:38 of 3rd period - Wyatt Bongiovanni wins face-off versus Cedric Pare in Checkers zone.
14:38 of 3rd period - Wyatt Bongiovanni is hit by Cedric Pare.
14:49 of 3rd period - Joe Carroll is hit by Kyle Capobianco and loses puck.
14:55 of 3rd period - Dino Kambeitz is hit by Kyle Capobianco.
15:23 of 3rd period - Shot by Rasmus Asplund.
15:23 of 3rd period - Stopped by Jakub Dobes with a rebound.
15:46 of 3rd period - Icing by Taylor Fedun.
15:47 of 3rd period - Nikita Nesterenko wins face-off versus Shane Wright in Marlies zone.
16:27 of 3rd period - Minor Penalty to Michael Milne for Holding.
16:28 of 3rd period - Joe Carroll wins face-off versus Will Bitten in Marlies zone.
16:33 of 3rd period - Shot by Joe Carroll.
16:33 of 3rd period - Stopped by Jakub Dobes without a rebound.
16:34 of 3rd period - Joe Carroll wins face-off versus Will Bitten in Marlies zone.
16:37 of 3rd period - Shot by Tyler Wotherspoon.
16:37 of 3rd period - Stopped by Jakub Dobes without a rebound.
16:38 of 3rd period - Will Bitten wins face-off versus Joe Carroll in Marlies zone.
16:55 of 3rd period - Shot by Joe Carroll.
16:55 of 3rd period - Shot Blocked by Kyle Capobianco.
16:57 of 3rd period - Shot by Wyatt Bongiovanni.
16:57 of 3rd period - Shot Misses the Net.
17:08 of 3rd period - Icing by Rasmus Asplund.
17:09 of 3rd period - Devin Shore wins face-off versus Joe Carroll in Checkers zone.
18:18 of 3rd period - Shot by Ilya Solovyov.
18:18 of 3rd period - Shot Misses the Net.
18:20 of 3rd period - Shot by Tyler Wotherspoon.
18:20 of 3rd period - Stopped by Jakub Dobes without a rebound.
18:21 of 3rd period - Devin Shore wins face-off versus Nikita Nesterenko in Marlies zone.
18:27 of 3rd period - Icing by Tyler Wotherspoon.
18:28 of 3rd period - Devin Shore wins face-off versus Adam Klapka in Checkers zone.
18:58 of 3rd period - Shot by Denis Gurianov.
18:58 of 3rd period - Shot Blocked by Anton Malmstrom.
19:23 of 3rd period - Shot by Samu Tuomaala.
19:23 of 3rd period - Shot Misses the Net.
19:25 of 3rd period - Shot by Kyle Capobianco.
19:25 of 3rd period - Stopped by Luke Cavallin without a rebound.
19:26 of 3rd period - Shane Wright wins face-off versus Wyatt Bongiovanni in Checkers zone.
19:26 of 3rd period - Brad Lambert is hit by Ilya Solovyov and loses puck.
19:50 of 3rd period - Icing by Tyler Wotherspoon.
19:51 of 3rd period - Cedric Pare wins face-off versus Wyatt Bongiovanni in Checkers zone.
19:51 of 3rd period - Minor Penalty to Ilya Solovyov for Elbowing.
19:52 of 3rd period - Devin Shore wins face-off versus Wyatt Bongiovanni in Checkers zone.
Goals for this period are 0 for Marlies vs 0 for Checkers.
Shots for this period are 7 for Marlies vs 10 for Checkers.
Back to the Top